 Dungeon Crawl Stone Soup version 0.31-a0-846-gb3bcc0d938 (webtiles) character file.

Game seed: 17855713081073510373

93 lunkers the Ruffian (level 5, -9/18 HPs)
             Began as a Meteoran Shapeshifter on Oct 3, 2023.
             Was an Initiate of Ru.
             Mangled by a gnoll
             ... wielding a +0 flail
              (11 damage)
             ... on level 4 of the Dungeon.
             The game lasted 00:02:12 (1219 turns).

lunkers the Ruffian (Meteoran Shapeshifter)         Turns: 1219, Time: 00:02:13

Health: -9/18      AC:  1    Str: 16    XL:     5   Next: 16%
Magic:  6/6        EV: 12    Int: 11    God:    Ru [......]
Gold:   103        SH:  0    Dex: 15    Spells: 4/4 levels left

rFire   . .          .
                       - Unarmed
rCold   . . .        (no shield)
rNeg    . . .        a - melded +0 animal skin
rPois   .            (no helmet)
rElec   .            (no cloak)
rCorr   .            p - +0 pair of gloves
SInv    .            (no boots)
Will    .....        e - amulet of regeneration
Stlth   +            (no ring)
HPRegen 1.03/turn    (no ring)
MPRegen 0.10/turn

%: no passive effects
@: maw-form, glowing
A: devouring maw, reduced hp, sense surroundings 1, otherworldly, glowing,
explore regen
a: Begin Untransformation, Renounce Religion


You were on level 4 of the Dungeon.
You worshipped Ru.
Ru was noncommittal.
You were a creature with a mouth for a stomach.
You visited 1 branch of the dungeon, and saw 4 of its levels.

You collected 103 gold pieces.

Inventory:

Armour
 a - a +0 animal skin (melded)
 p - a +0 pair of gloves (worn)
Jewellery
 e - an amulet of regeneration (around neck)
 o - a ring of ice
Talismans
 c - a beast talisman
 d - a flux talisman
 r - a maw talisman (active)
Scrolls
 j - a scroll of immolation {unknown}
 l - a scroll of amnesia {unknown}
 m - a scroll of noise {unknown}
 n - a scroll of enchant weapon {unknown}
Potions
 b - a potion of lignification
 f - a potion of heal wounds {unknown}
 g - 3 potions of attraction {unknown}
 h - a potion of berserk rage {unknown}
 i - 2 potions of curing {unknown}
 k - a potion of resistance {unknown}
 q - a potion of degeneration {unknown}


   Skills:
 - Level 1.1 Fighting
 - Level 2.1 Dodging
 * Level 5.5 Unarmed Combat
 + Level 4.5 Shapeshifting


You had 4 spell levels left.
You didn't know any spells.
Your spell library contained the following spells:

 Spells                   Type           Power      Damage    Failure   Level
 Scorch                   Fire           0%         2d5       47%         2
 Dazzling Flash           Conj/Hex       0%         N/A       71%         3
 Volatile Blastmotes      Fire/Tloc      0%         2d10      71%         3
 Flame Wave               Conj/Fire      0%         2d4       98%         4
 Starburst                Conj/Fire      0%         6d3       100%        6
 Summon Cactus Giant      Summ           0%         N/A       100%        6
 Maxwell's Capacitive Co  Air            0%         ∞         100%        8


Dungeon Overview and Level Annotations

Branches:
Dungeon (4/15) Zot: 1188   Temple (0/1) D:4

Altars:
Ru


Innate Abilities, Weirdness & Mutations

You are a creature with a mouth for a stomach.
Your midsection houses a second, enormous mouth.
Your maximum health is decreased, since you lack skill for your form.
You passively map a small area around you.
You are easily found by Zot.
You glow in the dark.
You regain HP and MP as you explore.


Message History

Key pressed, stopping explore.
No target in view!
No target in view!
No target in view!
You now have 103 gold pieces (gained 15).
A gnoll comes into view. It is wielding a +0 flail.
The gnoll shouts!
A gnoll comes into view. It is wielding a +0 club.
A gnoll comes into view. It is wielding a +0 whip.
The gnoll moves out of view.
You see here 11 gold pieces.
The gnoll shouts!
There are monsters nearby!
Found 11 gold pieces.
The gnoll hits you with a +0 whip.
There are monsters nearby!
You punch the gnoll!
The gnoll is severely wounded.
You hit the gnoll but do no damage. You bite the gnoll.
The gnoll is severely wounded.
The gnoll hits you with a +0 whip.
You closely miss the gnoll. You bite the gnoll.
The gnoll is almost dead.
The gnoll hits you with a +0 whip.
* * * LOW HITPOINT WARNING * * *
You punch the gnoll!
You devour the gnoll!
You feel better.
You kill the gnoll!
The gnoll hits you with a +0 club.
* * * LOW HITPOINT WARNING * * *
Unknown command.
You hit the gnoll. You bite the gnoll, but do no damage.
The gnoll is lightly wounded.
The gnoll hits you with a +0 flail.
* * * LOW HITPOINT WARNING * * *
The gnoll hits you with a +0 club.
* * * LOW HITPOINT WARNING * * *
You hit the gnoll. Your bite misses the gnoll.
The gnoll is moderately wounded.
The gnoll hits you with a +0 flail!
Ouch! That really hurt!
You die...

,
...#####......#####....
..........#...# #....
......#..#...## *#...
.,,#......##....# ##..
.. #...#..##..### ##. *
...#.....$.##.# #. ,
,......#....#### #.
,......#...## ##
......gW..# # ,
....#.)g### * #. *#.###
, , ... .... .$...
#.... #... *


You could see 2 gnolls.

Vanquished Creatures
  A hound (D:4)
  A gnoll (D:4)
  2 adders
  2 ball pythons
  5 bats
  3 endoplasms
  A giant cockroach (D:3)
  2 goblins (D:1)
  5 hobgoblins (D:1)
  2 jackals (D:3)
  A quokka (D:3)
  2 frilled lizards
  3 kobolds
  6 rats
36 creatures vanquished.

Notes
Turn   | Place    | Note
-------+----------+-------------------------------------------
     0 | D:1      | lunkers the Meteoran Shapeshifter began the quest for the
                  | Orb.
     0 | D:1      | Reached XP level 1. HP: 16/16 MP: 2/2
    50 | D:1      | Reached XP level 2. HP: 9/23 MP: 3/3
    53 | D:1      | Reached skill level 4 in Unarmed Combat
   237 | D:1      | Reached XP level 3. HP: 27/28 MP: 4/4
   503 | D:1      | Glimpsed the power of Zot.
   560 | D:2      | You fall into a shaft and drop 1 floor!
   721 | D:3      | Found a sacrificial altar of Ru.
   729 | D:3      | Became a worshipper of Ru the Awakened
   793 | D:3      | Reached XP level 4. HP: 35/35 MP: 5/5
   862 | D:3      | Reached skill level 5 in Unarmed Combat
  1149 | D:4      | Reached XP level 5. HP: 30/40 MP: 6/6
  1149 | D:4      | Found a staircase to the Ecumenical Temple.
  1219 | D:4      | Mangled by a gnoll

Illustrated notes

Levels and vault maps discovered:
D:1:      sevenhm_arrival_forest_fort_large_4, layout_loops_cross
D:2:      layout_basic, serial_shops, shop
D:3:      layout_basic, nicolae_ru_path_of_blood, ebering_ghost_rock_garden
D:4:      lemuel_castle_with_subvaults [lemuel_castle_interior_carwin_1],
          layout_cave_pools, lemuel_round_altar, vehumet_crystals,
          minmay_temple_entry_overgrown, hex_large

Skill      XL: |  1  2  3  4 |
---------------+-------------+-----
Unarmed Combat | 4 5 |  5.5
Shapeshifting  | 4 |  4.5
Fighting       | |  1.1
Dodging        | |  2.1

Action                     |  1- 3 |  4- 6 || total
---------------------------+-------+-------++-------
  Melee: Unarmed           |    69 |    27 ||    96
         Punch             |     2 |       ||     2
         Maw               |       |     3 ||     3
    Use: Scroll            |     2 |       ||     2
 Armour: Animal skin       |    36 |    13 ||    49
         Skin              |       |     7 ||     7
  Dodge: Dodged            |    42 |    16 ||    58
   Form: Maw               |       |     1 ||     1

Table legend: (Time is in decaauts)
 A = Elapsed time spent in this place.
 B = Non-inter-level travel time spent in this place.
 C = Inter-level travel time spent in this place.
 D = Time resting spent in this place.
 E = Time spent auto-exploring this place.
 F = Levels seen in this place.
 G = Mean time per level.
                   A        B        C        D        E       F      G
               +--------+--------+--------+--------+--------+-----+--------+
         Total |   1210 |   1191 |     19 |      0 |    879 |   4 |  302.5 |
       Dungeon |   1210 |   1191 |     19 |      0 |    879 |   4 |  302.5 |
               +--------+--------+--------+--------+--------+-----+--------+

Top non-repeatable levels by time:
     D:3: 574 daAuts
     D:1: 521 daAuts
     D:4: 80 daAuts
     D:2: 34 daAuts
